 Dungeon Crawl Stone Soup version 0.31-a0-1074-g0b22e4e0f1 (webtiles) character file.

Game seed: 8166424265142387109

913 lunkers the Grappler (level 8, -6/59 HPs)
             Began as a Meteoran Shapeshifter on Nov 29, 2023.
             Was a Follower of Ru.
             Mangled by a gnoll
             ... wielding a +0 halberd
             ... led by a gnoll bouda
              (12 damage)
             ... on level 6 of the Dungeon.
             The game lasted 00:07:53 (2142 turns).

lunkers the Grappler (Meteoran Shapeshifter)        Turns: 2142, Time: 00:07:53

Health: -6/59      AC:  6    Str: 23    XL:     8   Next: 56%
Magic:  0/9        EV: 11    Int: 11    God:    Ru [*.....]
Gold:   282        SH:  0    Dex: 15    Spells: 7/7 levels left

rFire   . .          .
                       - Unarmed
rCold   + . .        (no shield)
rNeg    . . .        h - +1 ring mail
rPois   .            (helmet currently unavailable)
rElec   .            (cloak currently unavailable)
rCorr   .            (gloves currently unavailable)
SInv    .            (boots currently unavailable)
Will    +....        x - amulet of guardian spirit
Stlth   +            s - +6 ring of strength
HPRegen 0.29/turn    p - ring of protection from cold
MPRegen 0.11/turn

%: guardian spirit
@: beast-form, weakened, glowing
A: beast (slay +3), sense surroundings 1, no necromancy magic, no poison magic,
no transmutations magic, otherworldly, glowing, explore regen
a: Begin Untransformation, Renounce Religion


You were on level 6 of the Dungeon.
You worshipped Ru.
Ru was aware of your devotion.
You were a hulking beast.
You visited 2 branches of the dungeon, and saw 7 of its levels.
You also visited: Ossuary.

You collected 282 gold pieces.

Inventory:

Armour
 h - a +1 ring mail (worn)
 n - a +0 helmet
 q - a +0 pair of gloves
Jewellery
 f - a ring of resist corrosion
 p - a ring of protection from cold (right hand)
 s - a +6 ring of strength (left hand)
 x - an amulet of guardian spirit (around neck)
 y - a ring of see invisible
 C - a +6 ring of intelligence
Talismans
 c - a beast talisman (active)
 d - a flux talisman
 e - a serpent talisman
Wands
 a - a wand of polymorph (7)
 b - a wand of roots (4)
 z - a wand of flame (13)
Scrolls
 t - 2 scrolls of teleportation
 v - a scroll of revelation {unknown}
 A - a scroll of blinking {unknown}
 B - a scroll of vulnerability {unknown}
Potions
 g - 3 potions of enlightenment
 i - 2 potions of lignification
 j - 2 potions of mutation
 k - 11 potions of heal wounds
 l - a potion of resistance
 m - a potion of cancellation
 o - 3 potions of brilliance
 r - 2 potions of invisibility
 u - 2 potions of haste {unknown}
 w - 2 potions of degeneration {unknown}


   Skills:
 - Level 1.1 Fighting
 - Level 2.1 Dodging
 * Level 9.5 Unarmed Combat
 + Level 6.7 Shapeshifting


You had 7 spell levels left.
You didn't know any spells.
Your spell library was empty.

Dungeon Overview and Level Annotations

Branches:
Dungeon (6/15) Zot: 1757   Temple (1/1) D:4 Zot: 533 Ossuary (visited)

Altars:
Ashenzari
Cheibriados
Dithmenos
Elyvilon
Fedhas
Hepliaklqana
Makhleb
Nemelex Xobeh
Okawaru
Qazlal
Ru
Sif Muna
Trog
Uskayaw
Vehumet
Wu Jian
Xom
Yredelemnul
Zin
The Shining One


Innate Abilities, Weirdness & Mutations

You are a hulking beast.
Your limbs bulge with bestial killing power. (Slay +3)
You passively map a small area around you.
You cannot study or cast Necromancy magic.
You cannot study or cast Poison magic.
You cannot study or cast Transmutations magic.
You are easily found by Zot.
You glow in the dark.
You regain HP and MP as you explore.


Message History

The gnoll misses you. The gnoll barely misses you.
The gnoll bouda gazes fiercely through you!
You feel your attacks grow feeble.
You barely miss the gnoll bouda. The gnoll hits you with a +0 club.
The gnoll closely misses you. The gnoll hits you with a +0 halberd!
The gnoll bouda closely misses you.
You punch the gnoll bouda!
The gnoll bouda is severely wounded.
The gnoll hits you from afar with a +0 spear!
The gnoll hits you with a +0 club.
The gnoll bouda hits you with a +0 whip!
* * * LOW HITPOINT WARNING * * *
The gnoll closely misses you.
You closely miss the gnoll. The gnoll completely misses you.
The gnoll closely misses you.
Unknown command.
You hit the gnoll.
The gnoll is moderately wounded.
The gnoll bouda gazes fiercely through you!
You feel as though you will be weak longer.
The gnoll bouda hits you with a +0 whip!
* * * LOW HITPOINT WARNING * * *
The gnoll hits you with a +0 halberd!
* * * LOW HITPOINT WARNING * * *
You hit the gnoll.
The gnoll is heavily wounded.
The gnoll hits you from afar with a +0 spear.
* * * LOW HITPOINT WARNING * * *
The gnoll misses you. The gnoll bouda closely misses you.
The gnoll closely misses you.
You barely miss the gnoll.
The gnoll is heavily wounded.
The gnoll hits you with a +0 club.
* * * LOW HITPOINT WARNING * * *
The gnoll hits you from afar with a +0 spear.
* * * LOW MAGIC WARNING * * *
* * * LOW HITPOINT WARNING * * *
The gnoll hits you with a +0 halberd!
* * * LOW MAGIC WARNING * * *
You die...

#............
#....!......,
#....)g....[
#..# .....,
#..# .....
##.##...... *
#.g##....#
#.g#g...#
###..hg.#
###.....###
###...###..#
###...###
#..#
###...###
#..# * *
#..<### ##..
, * #..####
..# , #.# *
*#.. , #* ...
*


You could see a gnoll bouda and 3 gnolls.

Vanquished Creatures
  Grinder (D:3)
  An ogre (D:4)
  3 elf zombies (Ossuary)
  A scorpion (D:4)
  A centaur zombie (Ossuary)
  2 human zombies (Ossuary)
  A jelly (D:4)
  A hound (D:4)
  An iguana (D:5)
  Jessica (D:2)
  Ijyb (D:3)
  2 mummies (Ossuary)
  A gnoll (D:6)
  4 adders
  A worm (D:2)
  A dart slug (D:1)
  2 orcs
  7 ball pythons
  7 bats
  5 endoplasms
  4 giant cockroaches
  3 goblins
  5 hobgoblins
  4 quokkas
  4 frilled lizards
  2 goblin zombies (Ossuary)
  4 hobgoblin zombies (Ossuary)
  7 kobolds
  9 kobold zombies (Ossuary)
  13 orc zombies (Ossuary)
  4 rats
  3 rat zombies (Ossuary)
106 creatures vanquished.

Notes
Turn   | Place    | Note
-------+----------+-------------------------------------------
     0 | D:1      | lunkers the Meteoran Shapeshifter began the quest for the
                  | Orb.
     0 | D:1      | Reached XP level 1. HP: 16/16 MP: 2/2
    78 | D:1      | Reached XP level 2. HP: 20/23 MP: 3/3
    89 | D:1      | Reached skill level 4 in Unarmed Combat
   220 | D:1      | Reached XP level 3. HP: 24/28 MP: 4/4
   528 | D:2      | Reached skill level 5 in Unarmed Combat
   528 | D:2      | Reached XP level 4. HP: 35/35 MP: 5/5
   583 | D:2      | Noticed Jessica
   590 | D:2      | Killed Jessica
   591 | D:2      | Reached XP level 5. HP: 36/40 MP: 6/6
   798 | D:3      | Noticed Ijyb
   806 | D:3      | Killed Ijyb
   807 | D:3      | Noticed Grinder
   828 | D:3      | Paralysed by Grinder for 3 turns
   855 | D:3      | Paralysed by Grinder for 3 turns
   867 | D:3      | Killed Grinder
   868 | D:3      | Reached skill level 7 in Unarmed Combat
   868 | D:3      | Reached skill level 5 in Shapeshifting
   868 | D:3      | Reached XP level 6. HP: 29/47 MP: 7/7
   868 | D:3      | Reached XP level 7. HP: 32/52 MP: 8/8
  1241 | D:4      | Found a staircase to the Ecumenical Temple.
  1257 | Temple   | Entered the Ecumenical Temple
  1291 | Temple   | Became a worshipper of Ru the Awakened
  1358 | D:4      | Found a sand-covered staircase.
  1363 | Ossuary  | Entered an ossuary
  1447 | Ossuary  | Reached skill level 8 in Unarmed Combat
  1486 | Ossuary  | Reached XP level 8. HP: 29/59 MP: 9/9
  1539 | Ossuary  | Reached skill level 9 in Unarmed Combat
  1882 | D:5      | Entered Level 5 of the Dungeon
  2000 | D:5      | Gained mutation: You cannot study or cast Poison magic. [Ru
                  | sacrifice]
  2000 | D:5      | Gained mutation: You cannot study or cast Transmutations
                  | magic. [Ru sacrifice]
  2000 | D:5      | Gained mutation: You cannot study or cast Necromancy magic.
                  | [Ru sacrifice]
  2000 | D:5      | Reached * piety under Ru
  2142 | D:6      | Mangled by a gnoll

Illustrated notes

Levels and vault maps discovered:
D:1:      mainiacjoe_arrival_oval_in_oval, layout_loops_ring,
          minmay_misc_feat_more_columns, serial_park_tiny_2
D:2:      kennysheep_six_static_rooms, layout_basic, serial_bayou,
          serial_bayou_lake_a, serial_bayou_pond_d, serial_bayou_pond_e,
          serial_bayou_pond_c, kennysheep_crisscross, kennysheep_generic_room_8,
          uniq_jessica
D:3:      layout_basic, uniq_grinder, uniq_robin, uniq_ijyb
D:4:      layout_rooms, minmay_temple_entry_sparse_star, enter_ossuary_2
D:5:      cheibrodos_quashed, layout_cave_pools
D:6:      black_bear_nest_1, layout_cave_pods, minmay_misc_feat_columns
Temple:   mainiacjoe_temple_cubbyholes

Skill      XL: |  1  2  3  4  5  6  7  8 |
---------------+-------------------------+-----
Unarmed Combat | 4 5 7 8 9 |  9.5
Shapeshifting  | 4 5 6 |  6.7
Fighting       | |  1.1
Dodging        | |  2.1

Action                     |  1- 3 |  4- 6 |  7- 9 || total
---------------------------+-------+-------+-------++-------
  Melee: Unarmed           |    91 |    54 |   156 ||   301
         Punch             |       |       |     9 ||     9
 Invoke: Sacrifice Arcana  |       |       |     1 ||     1
    Use: Scroll            |     2 |     5 |     7 ||    14
         Potion            |       |     2 |       ||     2
 Armour: Ring mail         |    71 |    22 |    86 ||   179
         Animal skin       |     2 |       |       ||     2
         Skin              |       |     8 |       ||     8
  Dodge: Dodged            |    54 |    25 |    64 ||   143
   Form: Anaconda          |     1 |       |       ||     1
         Beast             |     1 |       |       ||     1

Table legend: (Time is in decaauts)
 A = Elapsed time spent in this place.
 B = Non-inter-level travel time spent in this place.
 C = Inter-level travel time spent in this place.
 D = Time resting spent in this place.
 E = Time spent auto-exploring this place.
 F = Levels seen in this place.
 G = Mean time per level.
                   A        B        C        D        E       F      G
               +--------+--------+--------+--------+--------+-----+--------+
         Total |   2123 |   2024 |     99 |     44 |   1086 |   8 |  265.4 |
       Dungeon |   1841 |   1773 |     68 |     44 |   1049 |   6 |  306.8 |
        Temple |     66 |     35 |     31 |      0 |      0 |   1 |   66.0 |
       Ossuary |    214 |    214 |      0 |      0 |     37 |   1 |  214.0 |
               +--------+--------+--------+--------+--------+-----+--------+

Top non-repeatable levels by time:
     D:2: 499 daAuts
     D:3: 404 daAuts
     D:4: 384 daAuts
     D:1: 296 daAuts
     D:5: 223 daAuts
 Ossuary: 214 daAuts
  Temple: 66 daAuts
     D:6: 33 daAuts
